AoeStats
← 17_Neo_

Arabia

505360940Analyzed
4v4 RM · 24d ago on Sep 9, 2026· 51m 15s· 8 players
Game mode
Random Map
Map size
Large (8 player)
Population
200
Speed
Normal
Resources
Standard
Victory
Conquest
Starting age
Dark Age
Ending age
Imperial Age
RankedLock teamsTeams togetherTeam positionsShared explorationLock speedFull tech treeHidden civsTurbo modeCheats
Victory
Defeat
🇨🇴 Persians · Colombia
1378
+12
🇨🇴 Teutons · Colombia
1282
+16
🇨🇴 Hindustanis · Colombia
1252
+17
🇨🇴 Ethiopians · Colombia
1220
+20
1328
-18
🇺🇸 Mongols · United States
1285
-16
🇧🇷 Japanese · Brazil
1274
-16
🇨🇦 Ethiopians · Canada
1250
-15
Duckcat
7:11 Loom
9:23 Feudal Age
10:41 Double-Bit Axe
18:44 Fletching
24:14 Castle Age
22:49 Padded Archer Armor
22:41 Horse Collar
23:29 Scale Mail Armor
23:23 Gold Mining
24:20 Crossbowman
24:58 Bodkin Arrow
26:52 Wheelbarrow
30:20 Ballistics
31:24 Thumb Ring
31:46 Bow Saw
32:58 Hand Cart
32:30 Town Watch
33:42 Chain Mail Armor
35:34 Leather Archer Armor
35:29 Heavy Plow
42:04 Imperial Age
39:44 Squires
42:11 Arbalester
42:58 Bracer
44:10 Chemistry
46:27 Two-Man Saw
45:18 Halberdier
ruanameyer
6:16 Loom
8:47 Feudal Age
9:58 Double-Bit Axe
10:30 Horse Collar
19:27 Wheelbarrow
22:50 Castle Age
20:43 Gold Mining
21:28 Bloodlines
23:00 Forging
22:56 Scale Barding Armor
23:30 Husbandry
24:46 Iron Casting
25:10 Hand Cart
26:28 Bow Saw
26:20 Heavy Plow
26:14 Stone Mining
27:24 Chain Barding Armor
34:47 Hand Cart
35:24 Stone Shaft Mining
35:25 Gold Shaft Mining
Rōnin
7:20 Loom
11:00 Feudal Age
11:42 Double-Bit Axe
15:33 Fletching
24:33 Castle Age
23:05 Horse Collar
25:00 Crossbowman
25:37 Bodkin Arrow
27:29 Bow Saw
27:48 Padded Archer Armor
31:41 Town Watch
32:27 Leather Archer Armor
32:21 Heavy Plow
32:20 Gold Mining
34:20 Wheelbarrow
36:01 Ballistics
FC_Proyecto_El_Conquistador_X
6:19 Loom
9:09 Feudal Age
9:53 Double-Bit Axe
10:09 Horse Collar
21:20 Castle Age
20:07 Gold Mining
21:00 Bloodlines
21:10 Scale Barding Armor
21:16 Forging
22:29 Bow Saw
26:20 Husbandry
27:28 Chain Barding Armor
27:50 Town Watch
29:00 Iron Casting
34:39 Wheelbarrow
40:33 Imperial Age
42:25 Plate Barding Armor
43:30 Blast Furnace
42:47 Heavy Plow
43:16 Elite Steppe Lancer
48:31 Light Cavalry
50:03 Gold Shaft Mining
49:44 Hussar
Mhao
8:12 Loom
9:58 Feudal Age
11:05 Double-Bit Axe
11:49 Gold Mining
17:53 Town Watch
20:10 Wheelbarrow
21:05 Fletching
24:07 Padded Archer Armor
28:46 Castle Age
27:18 Scale Mail Armor
28:58 Forging
29:52 Squires
29:19 Crossbowman
31:13 Thumb Ring
36:26 Hand Cart
36:26 Bodkin Arrow
38:07 Horse Collar
40:05 Town Patrol
40:51 Gold Shaft Mining
40:06 Stone Mining
41:46 Ballistics
41:20 Elite Skirmisher
44:58 Imperial Age
43:13 Bow Saw
43:05 Heavy Plow
45:22 Fortified Wall
46:52 Two-Man Saw
45:44 Stone Mining
45:22 Arbalester
46:03 Bracer
47:21 Conscription
49:15 Chemistry
49:33 Halberdier
49:48 Capped Ram
Logan
6:56 Loom
10:28 Feudal Age
13:17 Bloodlines
22:56 Castle Age
23:11 Scale Barding Armor
24:22 Chain Barding Armor
26:57 Wheelbarrow
27:57 Forging
36:25 Husbandry
46:56 Imperial Age
48:09 Scale Mail Armor
49:14 Iron Casting
50:10 Chain Mail Armor
50:35 Grand Trunk Road
51:01 Conscription
52:08 Blast Furnace
17_Neo_
8:55 Loom
11:21 Feudal Age
15:35 Castle Age
13:58 Double-Bit Axe
15:19 Bloodlines
15:16 Scale Barding Armor
19:23 Bow Saw
20:13 Wheelbarrow
21:00 Chain Barding Armor
25:44 Husbandry
27:28 Forging
33:00 Iron Casting
40:31 Hand Cart
40:01 Town Watch
39:58 Horse Collar
45:21 Imperial Age
45:02 Cavalier
46:21 Plate Barding Armor
47:05 Conscription
46:35 Savar
49:26 Blast Furnace
RAGNAROK
15:46 Feudal Age
16:30 Loom
25:26 Castle Age
24:30 Double-Bit Axe
27:08 Pikeman
27:48 Squires
29:37 Wheelbarrow
36:12 Scale Mail Armor
41:54 Forging
42:45 Chain Mail Armor
50:35 Iron Casting
50:03 Horse Collar
Connection lost

Rejoining the realm…

Still unreachable

The connection could not be restored.

Session expired

The server has moved on; the page needs a fresh start.